 Dungeon Crawl Stone Soup version 0.22-a0-833-g8522bf8 (webtiles) character file.

5793 Amnesiac the Thaumaturge (level 10, -6/63 HPs)
             Began as a Mummy Earth Elementalist on July 25, 2018.
             Was a Priest of Vehumet.
             Mangled by a hornet (13 damage)
             ... on level 8 of the Dungeon.
             The game lasted 00:17:35 (8913 turns).

Amnesiac the Thaumaturge (Mummy Earth Elementalist) Turns: 8913, Time: 00:17:36

Health: -6/63      AC:  9    Str: 12    XL:     10   Next: 50%
Magic:  0/33       EV: 12    Int: 17    God:    Vehumet [***...]
Gold:   507        SH:  0    Dex: 13    Spells: 8/30 levels left

rFire    . . .     SeeInvis .   a - staff of energy
rCold    + . .     Gourm    .   (no shield)
rNeg     + + +     Faith    .   r - +2 robe {MR+}
rPois    ∞         Spirit   +   j - +0 helmet
rElec    .         Reflect  .   s - +2 cloak
rCorr    .         Harm     .   (no gloves)
MR       ++...                  c - +0 pair of boots
Stlth    ++........             g - amulet of guardian spirit
HPRegen  0.20/turn              p - ring of magical power
MPRegen  0.23/turn              q - ring of protection from fire

@: very slightly contaminated
A: no food or potions, fire vulnerability, cold resistance 1, negative energy
resistance 3, torment resistance, unbreathing
a: Renounce Religion


You were on level 8 of the Dungeon.
You worshipped Vehumet.
Vehumet was most pleased with you.
You were not hungry.

You visited 2 branches of the dungeon, and saw 9 of its levels.
You also visited: Sewer.

You collected 507 gold pieces.

Inventory:

Hand Weapons
 b - the +1 dire flail of Revolt {vamp, *Corrode rN+++}
   (You took it off an ogre on level 3 of the Dungeon)

   It inflicts no extra harm, but heals its wielder when it wounds a living foe.
   It renders you almost immune to negative energy.
   It may corrode you when you take damage.
 n - a +0 hunting sling of venom
 w - a +2 dagger of pain
Missiles
 e - 36 sling bullets
 k - 187 stones (quivered)
Armour
 c - a +0 pair of boots (worn)
 j - a +0 helmet (worn)
 o - the +7 chain mail of Pragmatism {Regen+ Int+5}
   (You found it on level 6 of the Dungeon)

   It affects your intelligence (+5).
   It increases your rate of regeneration.
 r - a +2 robe of magic resistance (worn)
 s - a +2 cloak (worn)
Magical Staves
 a - an uncursed staff of energy (weapon)
Jewellery
 g - an amulet of guardian spirit (around neck)
 p - a ring of magical power (left hand)
 q - a ring of protection from fire (right hand)
Wands
 l - a wand of polymorph (22)
Scrolls
 d - 3 scrolls of remove curse {!r}
 f - 4 scrolls of fog {!r}
 h - 3 scrolls of teleportation {!r}
 i - 4 scrolls of identify {!r}
 m - a scroll of enchant armour {!r}


   Skills:
 - Level 1.5 Dodging
 - Level 1.5 Stealth
 + Level 10.9 Spellcasting
 - Level 0.7 Transmutations
 * Level 10.9 Earth Magic
 + Level 2.1 Evocations


You had 8 spell levels left.
You knew the following spells:

 Your Spells              Type           Power        Failure   Level  Hunger
a - Stone Arrow           Conj/Erth      ####..       1%          3    N/A
b - Passwall              Tmut/Erth      ####....     1%          2    N/A
c - Sandblast             Erth           #####.       1%          1    N/A
d - Lee's Rapid Deconstr  Erth           #####.....   1%          5    N/A
e - Petrify               Tmut/Erth      ####....     7%          4    N/A
f - Call Imp              Summ           #.......     12%         2    N/A
s - Conjure Flame         Conj/Fire      #.......     7%          3    N/A
v - Blink                 Tloc           N/A          12%         2    N/A

Your spell library contained the following spells:

 Spells                   Type           Power        Failure   Level  Hunger
 Magic Dart               Conj           #...         2%          1    N/A
 Slow                     Hex            #.......     12%         2    N/A
 Freezing Cloud           Conj/Ice/Air   #.........   94%         6    N/A
 Mephitic Cloud           Conj/Pois/Air  #.......     7%          3    N/A
 Ring of Flames           Chrm/Fire      #.........   100%        7    N/A
 Poisonous Vapours        Pois/Air       #.....       12%         2    N/A

Dungeon Overview and Level Annotations

Branches:
Dungeon (8/15)             Temple (1/1) D:7            Lair (0/6) D:8

Altars:
Ashenzari
Cheibriados
Elyvilon
Fedhas
Gozag
Hepliaklqana
Makhleb
Nemelex Xobeh
Okawaru
Qazlal
Sif Muna
Vehumet
Wu Jian
Xom
Zin
Beogh

Annotations:
D:8 Erica


Innate Abilities, Weirdness & Mutations

You do not eat or drink.
Your flesh is vulnerable to fire.
You are immune to poison.
Your flesh is cold resistant. (rC+)
You are immune to negative energy. (rN+++)
You are immune to unholy pain and torment.
You can survive without breathing.


Message History

Aim: a hornet (chance to defeat MR: 50%)
You miscast Petrify.
You are very lightly contaminated with residual magic.
Your skin glows momentarily.
Casting: Petrify (safe; 7% risk of failure)
Confirm with . or Enter, or press ? or * to list all spells.
Aiming: Lee's Rapid Deconstruction (safe; 1% risk of failure)
Press: ? - help, Dir - move target cursor, p - hornet A rock wall.
The wall shatters!
The blast of rock fragments hits the hornet.
The hornet is heavily wounded.
You hear an angry buzzing noise.
Casting: Lee's Rapid Deconstruction (safe; 1% risk of failure)
Confirm with . or Enter, or press ? or * to list all spells.
Aiming: Lee's Rapid Deconstruction (safe; 1% risk of failure)
Press: ? - help, Dir - move target cursor A rock wall.
The wall shatters!
The blast of rock fragments hits the hornet.
The hornet is severely wounded.
You hear a shout! x2
The hornet barely misses you.
Unknown command.
Casting: Lee's Rapid Deconstruction (safe; 1% risk of failure)
Confirm with . or Enter, or press ? or * to list all spells.
You don't have enough magic to cast that spell.
Nothing appears to happen.
The hornet stings you. The hornet completely misses you.
Casting: Lee's Rapid Deconstruction (safe; 1% risk of failure)
Confirm with . or Enter, or press ? or * to list all spells.
Aiming: Lee's Rapid Deconstruction (safe; 1% risk of failure)
Press: ? - help, Dir - move target cursor A rock wall.
The wall shatters!
The blast of rock fragments hits the hornet.
The hornet is almost dead.
You hear an angry buzzing noise.
The hornet stings you but does no damage.
Unknown command.
Nothing appears to happen.
The hornet stings you but does no damage.
The hornet stings you.
Nothing appears to happen.
The hornet stings you but does no damage.
Nothing appears to happen.
The hornet stings you. The hornet closely misses you.
Nothing appears to happen.
The hornet stings you!
You channel some magical energy.
The hornet stings you. x2
Nothing appears to happen.
The hornet misses you.
Nothing appears to happen.
The hornet stings you.
* * * LOW HITPOINT WARNING * * *
The hornet stings you but does no damage.
Nothing appears to happen.
The hornet stings you but does no damage.
Nothing appears to happen.
The hornet stings you!
* * * LOW HITPOINT WARNING * * *
The hornet stings you!
* * * LOW HITPOINT WARNING * * *
Evoke which item? (* to show all) (? for menu, Esc to quit)
Aiming: Polymorph
Press: ? - help, Shift-Dir - straight line The hornet resists with some effort.
The hornet stings you!
You die... #..........#....#.######## .PP ##.......................# .P. #%#............##.#####.# .oo

###..............##........
...
#................##........
..r
#.........#'#....##........
#.........#.#....##........
#.........#.#....##........
#.........#.#...@##........
##.....####.#...y##........
#.....# #.#....##........
#.....# ..#.#............
####### ..#.#######.#####
#. ... #' ... ..... ....


You could see a hornet.

Vanquished Creatures
  The ghost of lurker the Shield-Bearer, an amateur GnFi (D:3)
  Grinder (D:5)
  A hippogriff (D:7)
  4 hogs (D:7)
  A human (D:7)
  2 basilisks (D:8)
  Menkaure (D:5)
  Edmund (D:5)
  3 porcupines (D:8)
  A phantom (D:5)
  A sky beast (D:5)
  An ice beast (D:6)
  5 ogres
  3 black bears
  2 crocodiles (D:8)
  A centaur (D:5)
  A big kobold (Sewer)
  2 bullfrogs
  A gnoll sergeant (D:8)
  2 scorpions
  8 killer bees (D:8)
  4 wights (D:6)
  A howler monkey (D:8)
  2 crimson imps (D:5)
  A bullfrog zombie (D:5)
  A quasit (D:7)
  A centaur skeleton (D:5)
  4 hounds
  2 jellies
  10 orc priests
  Crazy Yiuf (D:5)
  9 orc wizards
  2 bullfrog skeletons (D:6)
  3 iguanas
  7 worker ants
  Natasha (thrice) (D:3)
  A hound zombie (D:7)
  12 adders
  7 gnolls
  A river rat (Sewer)
  2 oozes
  An adder zombie (D:7)
  2 adder skeletons
  2 worms
  4 dart slugs
  4 leopard geckos
  28 orcs
  2 ball pythons
  7 giant cockroaches
  5 goblins
  5 hobgoblins
  2 jackals (Sewer)
  6 kobolds
  3 quokkas
  7 bats
  6 frilled lizards
  A jackal zombie (D:6)
  A leopard gecko skeleton (D:6)
  A leopard gecko zombie (D:5)
  A quokka skeleton (D:7)
  16 rats
221 creatures vanquished.

Vanquished Creatures (others)
  3 fungi (D:8)
  12 plants (D:8)
15 creatures vanquished.

Grand Total: 236 creatures vanquished

Notes
Turn   | Place    | Note
-------+----------+-------------------------------------------
     0 | D:1      | Amnesiac the Mummy Earth Elementalist began the quest for the Orb.
     0 | D:1      | Reached XP level 1. HP: 13/13 MP: 4/4
   265 | D:2      | Reached XP level 2. HP: 19/19 MP: 5/5
   346 | D:2      | Found a deep blue altar of Sif Muna.
   409 | D:2      | Reached XP level 3. HP: 24/24 MP: 5/8
   561 | D:3      | Reached XP level 4. HP: 30/30 MP: 3/9
   565 | D:3      | Learned a level 2 spell: Passwall
   569 | D:3      | Learned a level 3 spell: Stone Arrow
   574 | D:3      | Learned a level 4 spell: Petrify
   665 | D:4      | Noticed an ogre
   685 | D:4      | Killed an ogre
   685 | D:4      | Reached XP level 5. HP: 17/35 MP: 1/11
  1208 | D:4      | Reached XP level 6. HP: 41/41 MP: 7/13
  1222 | D:4      | Reached skill level 5 in Spellcasting
  1222 | D:4      | Reached skill level 5 in Earth Magic
  1233 | D:4      | Learned a level 5 spell: Lee's Rapid Deconstruction
  1678 | D:5      | Entered Level 5 of the Dungeon
  2333 | D:5      | Reached XP level 7. HP: 31/46 MP: 3/15
  2532 | D:5      | Learned a level 2 spell: Blink
  2656 | D:5      | Noticed Menkaure
  2660 | D:5      | Killed Menkaure
  2894 | D:5      | Found a runed door.
  3017 | D:5      | Noticed Grinder
  3021 | D:5      | Reached XP level 8. HP: 52/52 MP: 17/18
  3034 | D:5      | Paralysed by Grinder for 7 turns
  3062 | D:5      | Killed Grinder
  3063 | D:5      | HP: 2/52 [something (1)]
  3427 | D:5      | Noticed Edmund
  3480 | D:5      | Killed Edmund
  4034 | D:5      | Noticed Crazy Yiuf
  4036 | D:5      | Killed Crazy Yiuf
  4191 | D:6      | Got a crude chain mail
  4376 | D:6      | Reached XP level 9. HP: 55/57 MP: 21/21
  4381 | D:6      | Learned a level 3 spell: Conjure Flame
  4384 | D:6      | Learned a level 2 spell: Call Imp
  4436 | D:6      | Found a glowing drain.
  4622 | Sewer    | Entered a sewer
  4739 | Sewer    | Found a white marble altar of Elyvilon.
  5088 | D:6      | Identified the +7 chain mail of Pragmatism {Regen+ Int+5} (You found it on level 6 of the Dungeon)
  5208 | D:7      | Found a staircase to the Ecumenical Temple.
  5219 | Temple   | Entered the Ecumenical Temple
  5240 | Temple   | Became a worshipper of Vehumet
  6089 | D:2      | Reached * piety under Vehumet
  6089 | D:2      | Offered knowledge of Sting by Vehumet.
  6308 | D:2      | Found a burning altar of Makhleb.
  6789 | D:3      | Noticed Natasha
  6793 | D:3      | Killed Natasha
  6818 | D:3      | Found a transporter.
  6819 | D:3      | Noticed lurker's ghost (amateur GnFi)
  6820 | D:3      | Found a transporter.
  6925 | D:3      | Found an ornate altar of the Wu Jian Council.
  6925 | D:3      | Found an opulent altar of Gozag.
  6925 | D:3      | Found a snail-covered altar of Cheibriados.
  6925 | D:3      | Noticed Natasha
  6929 | D:3      | Killed Natasha
  7089 | D:3      | Noticed Natasha
  7094 | D:3      | Killed Natasha
  7141 | D:3      | Killed lurker's ghost
  7143 | D:3      | Got a fine dire flail {vamp}
  7152 | D:3      | Identified the cursed +1 dire flail of Revolt {vamp, *Corrode rN+++} (You took it off an ogre on level 3 of the Dungeon)
  7424 | D:7      | Reached skill level 10 in Spellcasting
  7449 | D:7      | Reached ** piety under Vehumet
  7449 | D:7      | Offered knowledge of Shock by Vehumet.
  7449 | D:7      | Reached skill level 10 in Earth Magic
  7563 | D:7      | Reached XP level 10. HP: 63/63 MP: 22/24
  7903 | D:7      | Found a roughly hewn altar of Beogh.
  8072 | D:8      | Found a staircase to the Lair.
  8102 | D:8      | Reached skill level 1 in Evocations
  8110 | D:8      | Offered knowledge of Ignite Poison by Vehumet.
  8122 | D:8      | HP: 1/63 [killer bee (6)]
  8198 | D:8      | Noticed Erica
  8600 | D:8      | Reached *** piety under Vehumet
  8913 | D:8      | Mangled by a hornet

Vault maps used:
D:1:      minmay_arrival_hallway
D:2:      wad_river_or_something, nicolae_overflow_crystal_walls,
          old_standard_altar, first_ration, kennysheep_generic_room_8
D:3:      gammafunk_temple_overflow_claw, gammafunk_ghost_smash, uniq_natasha
D:5:      uniq_menkaure, uniq_grinder, uniq_crazy_yiuf_cottage, uniq_edmund
D:6:      gup_sewer_entry_bowl, minivault_19, roderic_roman_lattice
D:7:      temple_hall, grunt_livestock, david_defended_altar_orc
D:8:      kennysheep_mini, minmay_lair_entry_grove,
          minmay_misc_feat_more_columns, uniq_erica
Temple:   minmay_temple_bridge_abc
Sewer:    sewer_kobolds

Skill      XL: |  1  2  3  4  5  6  7  8  9 10 |
---------------+-------------------------------+-----
Spellcasting   | 3 4 5 6 8 10 | 10.9
Earth Magic    | 3 4 5 6 8 10 | 10.9
Evocations     | 2 |  2.1
Dodging        | |  1.5
Stealth        | |  1.5
Transmutations | |  0.7

Action                   |  1- 3 |  4- 6 |  7- 9 | 10-12 || total
-------------------------+-------+-------+-------+-------++-------
Melee: Unarmed           |     2 |       |       |       ||     2
       Flail             |       |       |     1 |       ||     1
       Staff             |       |       |       |     4 ||     4
 Fire: Hunting sling     |    21 |   112 |   233 |    17 ||   383
 Cast: Sandblast         |     9 |    40 |     3 |       ||    52
       Stone Arrow       |       |    11 |   126 |     3 ||   140
       Lee's Rapid Decon |       |     1 |     9 |    40 ||    50
       Passwall          |       |       |     1 |     3 ||     4
       Petrify           |       |       |       |     2 ||     2
Evoke: Wand              |       |       |     9 |     1 ||    10
       Staff of energy   |       |       |       |    28 ||    28
  Use: Scroll            |     3 |     2 |     6 |     5 ||    16
 Stab: Sleeping          |     1 |       |       |       ||     1
Armor: Robe              |     2 |    18 |    57 |    15 ||    92
Dodge: Dodged            |    16 |    43 |    87 |    31 ||   177

Table legend:
 A = Spawn XP
 B = Non-spawn XP
 C = Spawn XP percentage of total XP
 D = Spawn monster count
 E = Non-spawn monster count
 F = Spawn count percentage of total count
 G = Total turns spent on level
                    A         B        C        D         E        F      G
               +---------+---------+-------+---------+---------+-------+---------
         Total |       0 |    8276 |   0.0 |       0 |     221 |   0.0 |  8913
               +---------+---------+-------+---------+---------+-------+---------
           D:1 |       0 |      32 |   0.0 |       0 |      21 |   0.0 |   761
           D:2 |       0 |     148 |   0.0 |       0 |      25 |   0.0 |  1200
           D:3 |       0 |     929 |   0.0 |       0 |      25 |   0.0 |   629
           D:4 |       0 |     469 |   0.0 |       0 |      31 |   0.0 |  1484
           D:5 |       0 |    1695 |   0.0 |       0 |      32 |   0.0 |  1949
           D:6 |       0 |     928 |   0.0 |       0 |      25 |   0.0 |   886
           D:7 |       0 |    1773 |   0.0 |       0 |      24 |   0.0 |   925
           D:8 |       0 |    2187 |   0.0 |       0 |      31 |   0.0 |   883
         Sewer |       0 |     115 |   0.0 |       0 |       7 |   0.0 |   153
               +---------+---------+-------+---------+---------+-------+---------
